[Event "GambitGuide"]
[Site "Internet Chess Club"]
[Date "2014.10.31"]
[Round "1"]
[White "JSBach"]
[Black "losscause"]
[Result "1-0"]
[ICCResult "Black resigns"]
[WhiteElo "1640"]
[BlackElo "1290"]
[Opening "Vienna: `Frankenstein-Dracula' variation"]
[ECO "C27"]
[NIC "VG.02"]
[Time "22:17:30"]
[TimeControl "120+12"]

1. e4 e5 2. Nc3 Nf6 3. Bc4 Nxe4 4. Qh5 Nd6 5. Bb3 Nc6 6. Nb5 g6 7. Qf3 f5 8.
Qd5 Qe7 9. Nxc7+ Kd8 10. Nxa8 b6 11. d3 Bb7 12. Nxb6 axb6 13. Qf3 Nd4 14.
Qh3 e4 15. Be3 Ne6 16. Bxb6+ Kc8 17. d4 Bg7 18. Qc3+ Kb8 19. Bxe6 dxe6 20.
Qa5 {Black resigns} 1-0

[Event "GambitGuide"]
[Site "Internet Chess Club"]
[Date "2014.10.31"]
[Round "1"]
[White "JSBach"]
[Black "Jamonitjo"]
[Result "1-0"]
[ICCResult "Black disconnected and forfeits"]
[WhiteElo "1640"]
[BlackElo "1321"]
[Opening "Vienna: `Frankenstein-Dracula' variation"]
[ECO "C27"]
[NIC "VG.02"]
[Time "22:16:30"]
[TimeControl "120+12"]

1. e4 e5 2. Nc3 Nf6 3. Bc4 Nxe4 4. Qh5 Nd6 5. Bb3 Nc6 6. Nb5 g6 7. Qf3 f5 8.
Qd5 Qe7 9. Nxc7+ Kd8 10. Nxa8 b6 11. d3 Bb7 12. Nxb6 axb6 13. Qf3 Bg7 14.
Qg3 Nd4 15. Bg5 Bf6 16. Bxf6 Qxf6 17. Ba4 b5 18. Bb3 Ke7 19. c3 f4 20. Qg4
Nxb3 21. axb3 Ra8 22. Rxa8 Bxa8 23. Kf1 Qf5 24. Qh4+
{Black disconnected and forfeits}
1-0

[Event "GambitGuide"]
[Site "Internet Chess Club"]
[Date "2014.10.31"]
[Round "1"]
[White "JSBach"]
[Black "SlippinAway"]
[Result "1/2-1/2"]
[ICCResult "Game drawn by repetition"]
[WhiteElo "1640"]
[BlackElo "2064"]
[Opening "Vienna: `Frankenstein-Dracula' variation"]
[ECO "C27"]
[NIC "VG.02"]
[Time "22:18:06"]
[TimeControl "120+12"]

1. e4 e5 2. Nc3 Nf6 3. Bc4 Nxe4 4. Qh5 Nd6 5. Bb3 Nc6 6. Nb5 g6 7. Qf3 f5 8.
Qd5 Qe7 9. Nxc7+ Kd8 10. Nxa8 b6 11. d3 Bg7 12. Nh3 h6 13. Ba4 g5 14. Bxc6
dxc6 15. Qb3 Bb7 16. Nxb6 axb6 17. Qxb6+ Kc8 18. Be3 g4 19. Ng1 f4 20. Bc5
Qd7 21. O-O-O Nf5 22. Re1 Re8 23. h3 h5 24. hxg4 hxg4 25. Ne2 Bf6 26. Nc3
Bd8 27. Qa7 Bc7 28. Rh5 Bb8 29. Qb6 Bc7 30. Qa7 Bb8 31. Qb6 Bc7 32. Qa7
{Game drawn by repetition}
1/2-1/2

[Event "GambitGuide"]
[Site "Internet Chess Club"]
[Date "2014.10.31"]
[Round "1"]
[White "JSBach"]
[Black "Svinotigr"]
[Result "0-1"]
[ICCResult "White checkmated"]
[WhiteElo "1640"]
[BlackElo "1757"]
[Opening "Vienna: `Frankenstein-Dracula' variation"]
[ECO "C27"]
[NIC "VG.02"]
[Time "22:11:59"]
[TimeControl "120+12"]

1. e4 e5 2. Nc3 Nf6 3. Bc4 Nxe4 4. Qh5 Nd6 5. Bb3 Nc6 6. Nb5 g6 7. Qf3 f5 8.
Qd5 Qe7 9. Nxc7+ Kd8 10. Nxa8 b6 11. d3 Bb7 12. Nxb6 axb6 13. Qf3 Nd4 14.
Qg3 Bg7 15. Bg5 Bf6 16. Bxf6 Qxf6 17. Ba4 b5 18. Bb3 g5 19. Nh3 g4 20. Ng1
h5 21. h3 h4 22. Qh2 e4 23. dxe4 Bxe4 24. hxg4 fxg4 25. O-O-O h3 26. Qg3
Bxg2 27. Rh2 Bf3 28. Rd2 Nxb3+ 29. cxb3 Ne4 30. Qb8+ Ke7 31. Qc7 Nxd2 32.
Qc5+ Qd6 33. Qxd6+ Kxd6 34. Kxd2 Ke5 35. Nxf3+ gxf3 36. Ke3 d5 37. Kxf3 d4
38. a4 bxa4 39. bxa4 Rb8 40. a5 Rxb2 41. Kg3 Rb3+ 42. f3 d3 43. Rd2 Kd4 44.
Ra2 Ke3 45. a6 Rb8 46. Kxh3 Kxf3 47. Kh4 Ke3 48. Ra3 Ke2 49. a7 Ra8 50. Ra6
d2 51. Re6+ Kf1 52. Rf6+ Ke2 53. Re6+ Kd3 54. Rd6+ Kc2 55. Rc6+ Kb2 56. Rb6+
Kc3 57. Rc6+ Kb4 58. Rd6 Kc3 59. Rc6+ Kd3 60. Rd6+ Ke2 61. Re6+ Kf3 62. Rf6+
Ke3 63. Rd6 Rxa7 64. Rd8 Ra4+ 65. Kh3 Rd4 66. Rxd4 Kxd4 67. Kg4 d1=Q+ 68.
Kg5 Qf3 69. Kg6 Ke5 70. Kh6 Qg4 71. Kh7 Kf6 72. Kh6 Qg6# {White checkmated}
0-1

[Event "GambitGuide"]
[Site "Internet Chess Club"]
[Date "2014.10.31"]
[Round "1"]
[White "JSBach"]
[Black "DaBigDog"]
[Result "1-0"]
[ICCResult "Black resigns"]
[WhiteElo "1640"]
[BlackElo "1600"]
[Opening "Vienna: `Frankenstein-Dracula' variation"]
[ECO "C27"]
[NIC "VG.02"]
[Time "22:17:51"]
[TimeControl "120+12"]

1. e4 e5 2. Nc3 Nf6 3. Bc4 Nxe4 4. Qh5 Nd6 5. Bb3 Nc6 6. Nb5 g6 7. Qf3 f5 8.
Qd5 Qe7 9. Nxc7+ Kd8 10. Nxa8 b6 11. d3 Bb7 12. Nxb6 axb6 13. Qf3 Nd4 14.
Qg3 f4 15. Qg4 Bh6 16. Ba4 b5 17. Bb3 Re8 18. Bd2 e4 19. Kf1 e3 20. Ba5+ Kc8
21. Re1 N6f5 22. Bc3 b4 23. Bxd4 Nxd4 24. Qh3 e2+ 25. Nxe2 Nxe2 26. Rb1 Nc3
27. f3 Qe2+ 28. Kg1 Qe1+ 29. Rxe1 Rxe1+ 30. Kf2 Rxh1 31. bxc3 bxc3 32. Qxh6
{Black resigns}
1-0

[Event "GambitGuide"]
[Site "Internet Chess Club"]
[Date "2014.10.31"]
[Round "1"]
[White "JSBach"]
[Black "OldNetflyer"]
[Result "1-0"]
[ICCResult "Black resigns"]
[WhiteElo "1640"]
[BlackElo "1407"]
[Opening "Vienna: `Frankenstein-Dracula' variation"]
[ECO "C27"]
[NIC "VG.02"]
[Time "22:13:26"]
[TimeControl "120+12"]

1. e4 e5 2. Nc3 Nf6 3. Bc4 Nxe4 4. Qh5 Nd6 5. Bb3 Nc6 6. Nb5 g6 7. Qf3 f5 8.
Qd5 Qe7 9. Nxc7+ Kd8 10. Nxa8 b6 11. d3 Bb7 12. Nxb6 axb6 13. Qf3 Na5 14.
Qg3 Nxb3 15. axb3 Bg7 16. Be3 Nc8 17. Bg5 Bf6 18. Bxf6 Qxf6 19. b4 Re8 20.
f3 e4 21. dxe4 fxe4 22. O-O-O e3 23. Qb8 Bc6 24. Qg3 Qe6 25. b5 Qa2 26. Qg5+
Re7 27. c3 Qa1+ 28. Kc2 Qa4+ 29. b3 Qa2+ 30. Kd3 Qxb3 31. bxc6 Qxd1+ 32. Kc4
dxc6 33. Qf6 Qd5+ 34. Kb4 Qb5+ 35. Ka3 e2 36. Nxe2 Qxe2 37. Rb1 Qa6+ 38. Kb3
Qb5+ 39. Ka2 Qc4+ 40. Kb2 Qe2+ 41. Ka1 Kd7 42. Qd4+ Kc7 43. Qf4+ Kb7 44. g4
Re5 45. Qa4 Ra5 46. Qxa5 {Black resigns} 1-0

[Event "GambitGuide"]
[Site "Internet Chess Club"]
[Date "2014.10.31"]
[Round "1"]
[White "JSBach"]
[Black "fearlessone"]
[Result "1-0"]
[ICCResult "Black checkmated"]
[WhiteElo "1640"]
[BlackElo "1812"]
[Opening "Vienna: `Frankenstein-Dracula' variation"]
[ECO "C27"]
[NIC "VG.02"]
[Time "22:21:25"]
[TimeControl "120+12"]

1. e4 e5 2. Nc3 Nf6 3. Bc4 Nxe4 4. Qh5 Nd6 5. Bb3 Nc6 6. Nb5 g6 7. Qf3 f5 8.
Qd5 Qe7 9. Nxc7+ Kd8 10. Nxa8 b6 11. d3 Bb7 12. Nxb6 axb6 13. Qf3 Nd4 14.
Qg3 Bg7 15. Bg5 Bf6 16. Bxf6 Qxf6 17. Ba4 h5 18. Rc1 g5 19. Qh3 f4 20. Qxd7#
{Black checkmated}
1-0

[Event "GambitGuide"]
[Site "Internet Chess Club"]
[Date "2014.10.31"]
[Round "1"]
[White "JSBach"]
[Black "Chessnt"]
[Result "1-0"]
[ICCResult "Black resigns"]
[WhiteElo "1640"]
[BlackElo "1313"]
[Opening "Vienna: `Frankenstein-Dracula' variation"]
[ECO "C27"]
[NIC "VG.02"]
[Time "22:17:35"]
[TimeControl "120+12"]

1. e4 e5 2. Nc3 Nf6 3. Bc4 Nxe4 4. Qh5 Nd6 5. Bb3 Nc6 6. Nb5 g6 7. Qf3 f5 8.
Qd5 Qe7 9. Nxc7+ Kd8 10. Nxa8 b6 11. d3 Bb7 12. Nxb6 axb6 13. Qf3 Nd4 14.
Qg3 Bg7 15. Bg5 Bf6 16. Bxf6 Qxf6 17. Ba4 Kc7 18. c3 Nc6 19. Nf3 Re8 20. Ng5
Qg7 21. O-O Nf7 22. Nxf7 Qxf7 23. Bb3 d5 24. Rfe1 Qd7 25. d4 Kc8 26. dxe5
Qe6 27. f4 Na5 28. Red1 Rd8 29. Qg5 Bc6 30. Rd4 Nb7 31. Rb4 Kc7 32. Rd1 Nc5
33. Rxb6 Kxb6 34. Qxd8+ Kb7 35. Bxd5 {Black resigns} 1-0

[Event "GambitGuide"]
[Site "Internet Chess Club"]
[Date "2014.10.31"]
[Round "1"]
[White "JSBach"]
[Black "FischerKing"]
[Result "1/2-1/2"]
[ICCResult "Game drawn because neither player has mating material"]
[WhiteElo "1640"]
[BlackElo "1739"]
[Opening "Vienna: `Frankenstein-Dracula' variation"]
[ECO "C27"]
[NIC "VG.02"]
[Time "22:14:51"]
[TimeControl "120+12"]

1. e4 e5 2. Nc3 Nf6 3. Bc4 Nxe4 4. Qh5 Nd6 5. Bb3 Nc6 6. Nb5 g6 7. Qf3 f5 8.
Qd5 Qe7 9. Nxc7+ Kd8 10. Nxa8 b6 11. d3 Nd4 12. h4 Bb7 13. Bg5 Bxd5 14.
Bxe7+ Bxe7 15. Nxb6 Bxb3 16. Rc1 axb6 17. axb3 Kc7 18. f3 Ra8 19. Kd2 Ra2
20. Rb1 f4 21. h5 g5 22. h6 N4f5 23. Ne2 Bf8 24. Nc3 Ra7 25. Rbe1 Nf7 26.
Nb5+ Kb7 27. Nxa7 Kxa7 28. d4 Nxd4 29. c3 Nxb3+ 30. Kc2 Nc5 31. b4 Ne6 32.
Ra1+ Kb7 33. Rhe1 d6 34. Kb3 Nxh6 35. Rh1 Bg7 36. Rad1 Kc7 37. Kc4 Nf8 38.
Ra1 Kb7 39. Kd5 Nf5 40. Rh5 h6 41. Rg1 Ne3+ 42. Kxd6 Nf5+ 43. Kd5 Ng3 44.
Rh3 h5 45. Ra1 h4 46. Ra3 Nd7 47. c4 Nb8 48. c5 bxc5 49. bxc5 Nc6 50. Ra1
Kc7 51. Re1 Nd4 52. Rb1 Ndf5 53. Ke6 Ne3 54. Kf7 Bh6 55. Rb6 Ngf5 56. Kg6
Bf8 57. Rf6 Bxc5 58. Rxf5 Nxf5 59. Kxf5 Bd4 60. Kxg5 Bf2 61. Rh1 Kd6 62.
Rd1+ Kc5 63. Rd2 Be3 64. Rc2+ Kd4 65. Kxh4 Kd3 66. Rc6 Ke2 67. Kh5 Kf2 68.
Rc2+ Kg3 69. Re2 Bd4 70. Kg6 Bf2 71. Rc2 Kxg2 72. Kf6 Kxf3 73. Kxe5 Be3 74.
Rc4 Kg3 75. Re4 Kf3 76. Rc4 Kg3 77. Re4 Kf3 78. Rc4 Kg3 79. Re4 Bc1 80. Re1
Be3 81. Re2 Kf3 82. Rb2 Kg3 83. Rb3 Kf2 84. Ra3 f3 85. Ke4 Kg2 86. Rxe3 f2
87. Re2 Kg1 88. Rxf2 Kxf2
{Game drawn because neither player has mating material}
1/2-1/2

[Event "GambitGuide"]
[Site "Internet Chess Club"]
[Date "2014.10.31"]
[Round "1"]
[White "JSBach"]
[Black "SlippinAway"]
[Result "0-1"]
[ICCResult "White checkmated"]
[WhiteElo "1640"]
[BlackElo "2064"]
[Opening "Vienna: `Frankenstein-Dracula' variation"]
[ECO "C27"]
[NIC "VG.02"]
[Time "22:19:25"]
[TimeControl "120+12"]

1. e4 e5 2. Nc3 Nf6 3. Bc4 Nxe4 4. Qh5 Nd6 5. Bb3 Nc6 6. Nb5 g6 7. Qf3 f5 8.
Qd5 Qe7 9. Nxc7+ Kd8 10. Nxa8 b6 11. d3 Bg7 12. Ba4 h6 13. Bxc6 dxc6 14. Qb3
Qb7 15. Qb4 Ke7 16. Qh4+ Bf6 17. Qg3 Rg8 18. Bxh6 Qxa8 19. f4 exf4 20. Bxf4
Nb5 21. O-O-O Kf7 22. a4 Nd4 23. Re1 b5 24. axb5 cxb5 25. Bh6 Qc6 26. Qf2 b4
27. Nf3 Nxf3 28. gxf3 Be6 29. Qxa7+ Be7 30. Qf2 Ra8 31. Rhg1 b3 32. c3 Qa4
33. Qg3 Qa1+ 34. Kd2 Qxb2+ 35. Ke3 Bc5+ 36. d4 Qxc3+ 37. Ke2 Ra2+ 38. Bd2
Rxd2+ 39. Kf1 Qd3+ 40. Re2 Qxe2# {White checkmated} 0-1

[Event "GambitGuide"]
[Site "Internet Chess Club"]
[Date "2014.10.31"]
[Round "1"]
[White "JSBach"]
[Black "fearlessone"]
[Result "1-0"]
[ICCResult "Black resigns"]
[WhiteElo "1640"]
[BlackElo "1812"]
[Opening "Vienna: `Frankenstein-Dracula' variation"]
[ECO "C27"]
[NIC "VG.02"]
[Time "22:22:11"]
[TimeControl "120+12"]

1. e4 e5 2. Nc3 Nf6 3. Bc4 Nxe4 4. Qh5 Nd6 5. Bb3 Nc6 6. Nb5 g6 7. Qf3 f5 8.
Qd5 Qe7 9. Nxc7+ Kd8 10. Nxa8 b6 11. d3 Bb7 12. Nxb6 axb6 13. Qf3 Bg7 14.
Qg3 h5 15. Qxg6 {Black resigns} 1-0

[Event "GambitGuide"]
[Site "Internet Chess Club"]
[Date "2014.10.31"]
[Round "1"]
[White "JSBach"]
[Black "FischerKing"]
[Result "1-0"]
[ICCResult "Black resigns"]
[WhiteElo "1640"]
[BlackElo "1739"]
[Opening "Vienna: `Frankenstein-Dracula' variation"]
[ECO "C27"]
[NIC "VG.02"]
[Time "22:22:14"]
[TimeControl "120+12"]

1. e4 e5 2. Nc3 Nf6 3. Bc4 Nxe4 4. Qh5 Nd6 5. Bb3 Nc6 6. Nb5 g6 7. Qf3 f5 8.
Qd5 Qe7 9. Nxc7+ Kd8 10. Nxa8 b6 11. d3 Nd4 12. f4 exf4+ 13. Kf1 g5 14. Qxd4
Rg8 15. Bxg8 Bb7 16. Nxb6 axb6 17. Qxb6+ Kc8 18. a4 Qg7 19. Qc5+ Kb8 20. Bb3
Ne4 21. Qxf5 Nc5 22. Bc4 h6 23. a5 Bc6 24. a6 Ka7 25. Ra5 {Black resigns}
1-0

[Event "GambitGuide"]
[Site "Internet Chess Club"]
[Date "2014.10.31"]
[Round "1"]
[White "JSBach"]
[Black "fearlessone"]
[Result "1-0"]
[ICCResult "Black resigns"]
[WhiteElo "1640"]
[BlackElo "1812"]
[Opening "Vienna: `Frankenstein-Dracula' variation"]
[ECO "C27"]
[NIC "VG.02"]
[Time "22:22:31"]
[TimeControl "120+12"]

1. e4 e5 2. Nc3 Nf6 3. Bc4 Nxe4 4. Qh5 Nd6 5. Bb3 Nc6 6. Nb5 g6 7. Qf3 f5 8.
Qd5 Qe7 9. Nxc7+ Kd8 10. Nxa8 b6 11. d3 Bb7 12. Nxb6 axb6 13. Qf3 Bg7 14.
Be3 Nd4 15. Qh3 f4 16. Bxd4 exd4+ 17. Kf1 Qf6 18. Re1 Re8 19. Rxe8+ Nxe8 20.
Qxh7 Nd6 21. Qg8+ Kc7 22. Bd5 Bxd5 23. Qxd5 {Black resigns} 1-0

[Event "GambitGuide"]
[Site "Internet Chess Club"]
[Date "2014.10.31"]
[Round "1"]
[White "JSBach"]
[Black "fearlessone"]
[Result "1-0"]
[ICCResult "Black resigns"]
[WhiteElo "1640"]
[BlackElo "1812"]
[Opening "Vienna: `Frankenstein-Dracula' variation"]
[ECO "C27"]
[NIC "VG.02"]
[Time "22:24:04"]
[TimeControl "120+12"]

1. e4 e5 2. Nc3 Nf6 3. Bc4 Nxe4 4. Qh5 Nd6 5. Bb3 Nc6 6. Nb5 g6 7. Qf3 f5 8.
Qd5 Qe7 9. Nxc7+ Kd8 10. Nxa8 b6 11. d3 Bb7 12. Nxb6 axb6 13. Qf3 Nd4 14.
Qg3 Nxb3 15. axb3 Bg7 16. Be3 Bf6 17. Bxb6+ Kc8 18. Ne2 h5 19. Qxg6
{Black resigns}
1-0

[Event "GambitGuide"]
[Site "Internet Chess Club"]
[Date "2014.10.31"]
[Round "1"]
[White "JSBach"]
[Black "FischerKing"]
[Result "1-0"]
[ICCResult "Black resigns"]
[WhiteElo "1640"]
[BlackElo "1739"]
[Opening "Vienna: `Frankenstein-Dracula' variation"]
[ECO "C27"]
[NIC "VG.02"]
[Time "22:23:39"]
[TimeControl "120+12"]

1. e4 e5 2. Nc3 Nf6 3. Bc4 Nxe4 4. Qh5 Nd6 5. Bb3 Nc6 6. Nb5 g6 7. Qf3 f5 8.
Qd5 Qe7 9. Nxc7+ Kd8 10. Nxa8 b6 11. d3 Nd4 12. f4 exf4+ 13. Kd1 Ne6 14. Qf3
g5 15. Bd5 g4 16. Qf2 Bb7 17. Bxb7 Nxb7 18. Bxf4 Qb4 19. Be5 Rg8 20. a3 Qb5
21. Qxf5 Rg6 22. Bc7+ Kc8 23. Qxb5 {Black resigns} 1-0

[Event "GambitGuide"]
[Site "Internet Chess Club"]
[Date "2014.10.31"]
[Round "1"]
[White "JSBach"]
[Black "Spidey"]
[Result "1-0"]
[ICCResult "Black resigns"]
[WhiteElo "1640"]
[BlackElo "1400"]
[Opening "Vienna: `Frankenstein-Dracula' variation"]
[ECO "C27"]
[NIC "VG.02"]
[Time "22:20:04"]
[TimeControl "120+12"]

1. e4 e5 2. Nc3 Nf6 3. Bc4 Nxe4 4. Qh5 Nd6 5. Bb3 Nc6 6. Nb5 g6 7. Qf3 f5 8.
Qd5 Qe7 9. Nxc7+ Kd8 10. Nxa8 b6 11. d3 Bb7 12. Nxb6 axb6 13. Qf3 Bg7 14.
Be3 Kc7 15. Bd5 e4 16. Qe2 Qe5 17. Bxc6 Qxb2 18. Rd1 Bxc6 19. Bf4 Bc3+ 20.
Kf1 Re8 21. dxe4 Be5 22. Bxe5 Rxe5 23. Nf3 Bb5 24. c4 Bxc4 25. Rd3 Qxe2+ 26.
Kxe2 Re8 27. e5 Ne4 28. Rc1 b5 29. Ke3 Kb6 30. Rxd7 h5 31. Rc2 g5 32. h3 Kc6
33. Rd1 g4 34. Nd4+ Kd5 35. Nxb5+ Kc5 36. Na3 {Black resigns} 1-0

[Event "GambitGuide"]
[Site "Internet Chess Club"]
[Date "2014.10.31"]
[Round "1"]
[White "JSBach"]
[Black "jmkchess"]
[Result "1-0"]
[ICCResult "Black resigns"]
[WhiteElo "1640"]
[BlackElo "2024"]
[Opening "Vienna: `Frankenstein-Dracula' variation"]
[ECO "C27"]
[NIC "VG.02"]
[Time "22:24:57"]
[TimeControl "120+12"]

1. e4 e5 2. Nc3 Nf6 3. Bc4 Nxe4 4. Qh5 Nd6 5. Bb3 Nc6 6. Nb5 g6 7. Qf3 f5 8.
Qd5 Qe7 9. Nxc7+ Kd8 10. Nxa8 b6 11. d3 Bb7 12. Nxb6 axb6 13. Qf3 Nd4 14.
Qg3 f4 15. Qg4 h5 16. Qxg6 Rh6 17. Qg8 Qg7 18. Qxg7 Bxg7 19. f3 Nxb3 20.
axb3 Rg6 21. Kf2 Nf5 22. Ra7 Bc6 23. Ne2 {Black resigns} 1-0

[Event "GambitGuide"]
[Site "Internet Chess Club"]
[Date "2014.10.31"]
[Round "1"]
[White "JSBach"]
[Black "Svinotigr"]
[Result "1-0"]
[ICCResult "Black resigns"]
[WhiteElo "1640"]
[BlackElo "1757"]
[Opening "Vienna: `Frankenstein-Dracula' variation"]
[ECO "C27"]
[NIC "VG.02"]
[Time "22:20:16"]
[TimeControl "120+12"]

1. e4 e5 2. Nc3 Nf6 3. Bc4 Nxe4 4. Qh5 Nd6 5. Bb3 Nc6 6. Nb5 g6 7. Qf3 f5 8.
Qd5 Qe7 9. Nxc7+ Kd8 10. Nxa8 b6 11. d3 Bb7 12. Nxb6 axb6 13. Qf3 Nd4 14.
Qh3 g5 15. Be3 h5 16. Ne2 g4 17. Qg3 h4 18. Bg5 Qxg5 19. Qxe5 Nxb3 20. Qxh8
Qd2+ 21. Kf1 h3 22. Qxf8+ Kc7 23. gxh3 Bxh1 24. cxb3 gxh3 25. Rc1+ Bc6 26.
d4 Ne4 27. Qxf5 Qd3 28. Ke1 Kb7 29. f3 Bb5 30. Qxe4+ {Black resigns} 1-0

[Event "GambitGuide"]
[Site "Internet Chess Club"]
[Date "2014.10.31"]
[Round "1"]
[White "JSBach"]
[Black "FischerKing"]
[Result "1-0"]
[ICCResult "Black checkmated"]
[WhiteElo "1640"]
[BlackElo "1739"]
[Opening "Vienna: `Frankenstein-Dracula' variation"]
[ECO "C27"]
[NIC "VG.02"]
[Time "22:25:23"]
[TimeControl "120+12"]

1. e4 e5 2. Nc3 Nf6 3. Bc4 Nxe4 4. Qh5 Nd6 5. Bb3 Nc6 6. Nb5 g6 7. Qf3 f5 8.
Qd5 Qe7 9. Nxc7+ Kd8 10. Nxa8 b6 11. d3 Nd4 12. f4 exf4+ 13. Kd1 Bb7 14.
Qxd4 Bxg2 15. Qxh8 Kc8 16. Qc3+ Kb7 17. Nc7 Bxh1 18. Bxf4 g5 19. Bd5+ Kb8
20. Na6# {Black checkmated} 1-0

[Event "GambitGuide"]
[Site "Internet Chess Club"]
[Date "2014.10.31"]
[Round "1"]
[White "JSBach"]
[Black "CairnTerrier"]
[Result "1-0"]
[ICCResult "Black resigns"]
[WhiteElo "1640"]
[BlackElo "1232"]
[Opening "Vienna: `Frankenstein-Dracula' variation"]
[ECO "C27"]
[NIC "VG.02"]
[Time "22:24:46"]
[TimeControl "120+12"]

1. e4 e5 2. Nc3 Nf6 3. Bc4 Nxe4 4. Qh5 Nd6 5. Bb3 Nc6 6. Nb5 g6 7. Qf3 f5 8.
Qd5 Qe7 9. Nxc7+ Kd8 10. Nxa8 b6 11. d3 Nd4 12. h4 f4 13. Kd2 Bh6 14. f3 g5
15. hxg5 Qxg5 16. g4 Bb7 17. Qxd6 Bxa8 18. Qb8+ Ke7 19. Qxh8 Nxb3+ 20. axb3
e4 21. Qxh7+ Kd6 22. Qxh6+ Qxh6 23. Rxh6+ {Black resigns} 1-0

[Event "GambitGuide"]
[Site "Internet Chess Club"]
[Date "2014.10.31"]
[Round "1"]
[White "JSBach"]
[Black "CairnTerrier"]
[Result "1-0"]
[ICCResult "Black checkmated"]
[WhiteElo "1640"]
[BlackElo "1232"]
[Opening "Vienna: `Frankenstein-Dracula' variation"]
[ECO "C27"]
[NIC "VG.02"]
[Time "22:26:04"]
[TimeControl "120+12"]

1. e4 e5 2. Nc3 Nf6 3. Bc4 Nxe4 4. Qh5 Nd6 5. Bb3 Nc6 6. Nb5 g6 7. Qf3 f5 8.
Qd5 Qe7 9. Nxc7+ Kd8 10. Nxa8 b6 11. d3 Nd4 12. h4 f4 13. Kd2 N6f5 14. h5 e4
15. dxe4 Nd6 16. Qxd4 Nb5 17. Qxh8 Qd6+ 18. Bd5 Qb4+ 19. Kd1 Nd4 20. c3 Qa4+
21. b3 Qb5 22. Qxf8# {Black checkmated} 1-0

[Event "GambitGuide"]
[Site "Internet Chess Club"]
[Date "2014.10.31"]
[Round "1"]
[White "JSBach"]
[Black "jmkchess"]
[Result "1-0"]
[ICCResult "Black resigns"]
[WhiteElo "1640"]
[BlackElo "2024"]
[Opening "Vienna: `Frankenstein-Dracula' variation"]
[ECO "C27"]
[NIC "VG.02"]
[Time "22:26:11"]
[TimeControl "120+12"]

1. e4 e5 2. Nc3 Nf6 3. Bc4 Nxe4 4. Qh5 Nd6 5. Bb3 Nc6 6. Nb5 g6 7. Qf3 f5 8.
Qd5 Qe7 9. Nxc7+ Kd8 10. Nxa8 b6 11. d3 Bb7 12. Nxb6 axb6 13. Qf3 Nd4 14.
Qg3 f4 15. Qg4 Nxb3 16. axb3 Nf5 17. Ra7 Bc6 18. Nf3 e4 19. dxe4 Qxe4+ 20.
Kd1 Bb4 21. Qxf4 Qd5+ 22. Bd2 Bxd2 23. Qxd2 Qe6 24. Re1 Qf6 25. Ne5 Re8 26.
Ra8+ Kc7 27. Rxe8 {Black resigns} 1-0

[Event "GambitGuide"]
[Site "Internet Chess Club"]
[Date "2014.10.31"]
[Round "1"]
[White "JSBach"]
[Black "justinchess"]
[Result "0-1"]
[ICCResult "White checkmated"]
[WhiteElo "1640"]
[BlackElo "1815"]
[Opening "Vienna: `Frankenstein-Dracula' variation"]
[ECO "C27"]
[NIC "VG.02"]
[Time "21:59:49"]
[TimeControl "120+12"]

1. e4 e5 2. Nc3 Nf6 3. Bc4 Nxe4 4. Qh5 Nd6 5. Bb3 Nc6 6. Nb5 g6 7. Qf3 f5 8.
Qd5 Qe7 9. Nxc7+ Kd8 10. Nxa8 b6 11. d3 Bb7 12. Nxb6 axb6 13. Qf3 Nd4 14.
Qg3 f4 15. Qg4 Nxb3 16. axb3 Rg8 17. Ra7 h5 18. Qh3 g5 19. f3 Qf7 20. b4 g4
21. Qh4+ Be7 22. Qf2 Kc7 23. Qe2 Bh4+ 24. Kf1 Qd5 25. Qd2 Nb5 26. c4 Qd4 27.
cxb5 Kb8 28. Ra1 Qd6 29. Qe2 Qd4 30. Ra3 Rc8 31. Ra1 Rg8 32. Ra3 Rc8 33. Ra1
Rg8 34. Ra3 Rc8 35. Ra1 Rg8 36. Ra3 Rc8 37. Ra1 Rg8 38. Ra3 Rc8 39. Ra1 Rg8
40. Ra3 Rc8 41. Ra1 Rg8 42. Ra3 Rc8 43. Ra1 Rg8 44. Ra3 Rc8 45. Ra1 Rg8 46.
Ra3 Rc8 47. Ra1 Rg8 48. Ra3 Rc8 49. Ra1 Rg8 50. Ra3 Rc8 51. Ra1 Rg8 52. Ra3
Rc8 53. Ra1 Rg8 54. Ra3 Rc8 55. Ra1 Rg8 56. Ra3 Rc8 57. Ra1 Rg8 58. Ra3 Rc8
59. Ra1 Rg8 60. Ra3 Rc8 61. Ra1 Rg8 62. Ra3 Rc8 63. Ra1 Rg8 64. Ra3 Rc8 65.
Ra1 Rg8 66. Ra3 Rc8 67. Ra1 Rg8 68. Ra3 Rc8 69. Ra1 Rg8 70. Ra3 Rc8 71. Ra1
Rg8 72. Ra3 Rc8 73. Ra1 Rg8 74. Ra3 Rc8 75. Ra1 Rg8 76. Ra3 Rc8 77. Ra1 Rg8
78. Ra3 Rc8 79. Ra1 Rg8 80. Ra3 Rc8 81. Ra1 Rg8 82. Ra3 Rc8 83. Ra1 Rg8 84.
Ra3 Rc8 85. Ra1 Rg8 86. Ra3 Rc8 87. Ra1 Rg8 88. Ra3 Rc8 89. Ra1 Rg8 90. Ra3
Rc8 91. Ra1 Rg8 92. Ra3 Rc8 93. Ra1 d6 94. Qd2 Bd5 95. fxg4 hxg4 96. h3 Bb3
97. hxg4 Rc2 98. Nf3 Qd5 99. Rxh4 Rxd2 100. Rh8+ Kb7 101. Nxd2 Qxd3+ 102.
Kg1 Bd5 103. g5 Qg3 104. Rh2 Qe1+ 105. Nf1 Bc4 106. Rh7+ Kb8 107. Rd7 Bxf1
108. Rxd6 Bxb5+ 109. Kh2 Qg3+ 110. Kg1 f3 111. Rd2 Qe1+ 112. Kh2 f2 113.
Rxf2 Qxf2 114. Kh3 Bf1 115. Kg4 Qxg2+ 116. Kf5 e4 117. Bf4+ Kb7 118. Rd1 Bd3
119. Rd2 Qh3+ 120. Ke5 Kc6 121. Kd4 Qg4 122. Be3 Qg3 123. Rf2 Qd6+ 124. Kc3
Kb5 125. Rf5+ Ka4 126. b3+ Ka3 127. Bc1+ Ka2 128. Rf2+ Kb1 129. Bf4 Qc6+
130. Kd4 Qd7+ 131. Ke3 Qh3+ 132. Kd4 Qd7+ 133. Ke3 Qh3+ 134. Kd2 Bc2 135.
Ke1 Qc3+ 136. Bd2 Qxb3 137. Rf1 Ka2 138. Kf2 Qh3 139. Bf4 Bd3 140. Rc1 Qf3+
141. Kg1 Qxf4 142. Rc6 Qxg5+ 143. Kh2 Qe5+ 144. Kh3 Qb5 145. Rc7 Qxb4 146.
Ra7+ Kb3 147. Rd7 Qc4 148. Re7 b5 149. Re5 Qd4 150. Rh5 b4 151. Rh4 Qc3 152.
Kg3 Bc2+ 153. Kg2 e3 154. Rh3 e2 155. Rxc3+ Kxc3 156. Kf2 Kd2 157. Kg3 e1=Q+
158. Kg4 b3 159. Kh5 b2 160. Kg4 b1=Q 161. Kg5 Qb5+ 162. Kh6 Qe6+ 163. Kg7
Qb7+ 164. Kh8 Qec8# {White checkmated} 0-1

[Event "GambitGuide"]
[Site "Internet Chess Club"]
[Date "2014.10.31"]
[Round "1"]
[White "JSBach"]
[Black "DaBigDog"]
[Result "1-0"]
[ICCResult "Black resigns"]
[WhiteElo "1640"]
[BlackElo "1600"]
[Opening "Vienna: `Frankenstein-Dracula' variation"]
[ECO "C27"]
[NIC "VG.02"]
[Time "22:21:22"]
[TimeControl "120+12"]

1. e4 e5 2. Nc3 Nf6 3. Bc4 Nxe4 4. Qh5 Nd6 5. Bb3 Nc6 6. Nb5 g6 7. Qf3 f5 8.
Qd5 Qe7 9. Nxc7+ Kd8 10. Nxa8 b6 11. d3 Bb7 12. Nxb6 axb6 13. Qf3 Nd4 14.
Qg3 f4 15. Qg4 Bh6 16. Ba4 b5 17. Bb3 Re8 18. Bd2 e4 19. Ba5+ Kc8 20. Kf1 e3
21. Re1 N6f5 22. Bb6 Qd6 23. Bxd4 Qxd4 24. Bf7 Re7 25. Bxg6 hxg6 26. Qxg6
Qe5 27. d4 Nxd4 28. Qxh6 e2+ 29. Nxe2 Nxe2 30. Qf8+ Re8 31. Qb4 f3 32. g3
Qh5 33. Qh4 Qxh4 34. gxh4 Rg8 35. Ra1 Kc7 36. Ke1 Rg4 37. a4 b4 38. h5 Rh4
39. h3 Rxh5 40. a5 Ba6 41. Kd2 Rf5 42. h4 Rh5 43. Rh3 Nd4 44. b3 Kb7 45. Ra4
Nc6 46. Rxf3 Rxh4 47. Rf7 Kc7 48. Ra1 Rh5 49. Rf4 Rd5+ 50. Ke3 Rc5 51. Ra2
Ne7 52. Re4 Nd5+ 53. Kd4 Kd6 54. Re1 Nc3 55. Raa1 Kc6 56. Ke3 d5 57. f4 Kd6
58. Kd2 Ne4+ 59. Kc1 Nf6 60. Kd1 d4 61. Rg1 Ke6 62. Rg5 Rxg5 63. fxg5 Ne4
64. Ke1 Nxg5 65. Ra4 d3 66. Kd1 dxc2+ 67. Kxc2 {Black resigns} 1-0